 Dungeon Crawl Stone Soup version 0.29-a0-392-g297d3b089c (webtiles) character file.

Game seed: 13949219978818629093

13 spaghetti the Shield-Bearer (level 2, 29/29 HPs)
             Began as a Gnoll Fighter on May 9, 2022.
             Quit the game on level 1 of the Dungeon.
             The game lasted 00:00:41 (318 turns).

spaghetti the Shield-Bearer (Gnoll Fighter)          Turns: 318, Time: 00:00:41

Health: 29/29      AC:  7    Str: 15    XL:     2   Next: 37%
Magic:  2/2        EV: 13    Int:  7    God:
Gold:   51         SH:  5    Dex: 11    Spells: 1/1 levels left

rFire   . . .      SeeInvis .   a - +0 rapier {short}
rCold   . . .      Faith    .   c - +0 buckler
rNeg    . . .      Spirit   .   b - +0 scale mail
rPois   .          Reflect  .   (no helmet)
rElec   .          Harm     .   (no cloak)
rCorr   .          Rampage  .   (no gloves)
Will    .....                   (no boots)
Stlth   ..........              (no amulet)
HPRegen 0.09/turn               f - +4 ring of evasion
MPRegen 0.08/turn               (no ring)

@: no status effects
A: fangs 1, strong nose, distributed training
a: no special abilities


You were on level 1 of the Dungeon.
You visited 1 branch of the dungeon, and saw 1 of its levels.

You collected 51 gold pieces.


Innate Abilities, Weirdness & Mutations

You have very sharp teeth.
Your uncanny sense of smell can sniff out nearby items.
Your experience applies equally to all skills.


   Skills:
 + Level 6.5 Fighting
 + Level 4.5 Short Blades
 + Level 0.4 Long Blades
 + Level 0.4 Axes
 + Level 0.4 Maces & Flails
 + Level 0.4 Polearms
 + Level 0.4 Staves
 + Level 0.4 Slings
 + Level 0.4 Bows
 + Level 0.4 Crossbows
 + Level 0.4 Throwing
 + Level 6.5 Armour
 + Level 0.4 Dodging
 + Level 0.4 Stealth
 + Level 6.5 Shields
 + Level 0.4 Unarmed Combat
 + Level 0.4 Spellcasting
 + Level 0.2 Conjurations
 + Level 0.2 Hexes
 + Level 0.2 Summonings
 + Level 0.2 Necromancy
 + Level 0.2 Translocations
 + Level 0.2 Transmutations
 + Level 0.2 Fire Magic
 + Level 0.2 Ice Magic
 + Level 0.2 Air Magic
 + Level 0.2 Earth Magic
 + Level 0.2 Poison Magic
 + Level 0.5 Invocations
 + Level 0.4 Evocations


You had one spell level left.
You didn't know any spells.
Your spell library was empty.

Inventory:

Hand Weapons
 a - a +0 rapier (weapon) {short}
Missiles
 h - 4 stones (quivered) {throwing}
Armour
 b - a +0 scale mail (worn)
 c - a +0 buckler (worn)
Jewellery
 f - a +4 ring of evasion (left hand)
   (You found it on level 1 of the Dungeon)
Scrolls
 e - a scroll of magic mapping {unknown}
 i - a scroll of identify {unknown}
Potions
 d - a potion of might
 g - a potion of flight {unknown}

Dungeon Overview and Level Annotations

Branches:
Dungeon (1/15)

Altars:

..# ########
####.####.#### ..#
#.......#.### ..#
#######.###........
..#
#.......#........##
..#
#.......#.#.#......
..#
#.......#.#.#.....#
..#
#.......#.#........
..#
#.........#........
#.#
#......@###.....##.
#.#
#...............#
#.####
##...#....g.#....
.....# #...#.#.##.#
.<...# #.. #. .# #
.....# #. #. .#
.....# #. #. ..
8....# #. .# .....#


You could see a hobgoblin.


Message History

You are too injured to fight recklessly!
You are too injured to fight recklessly!
You are too injured to fight recklessly!
You are too injured to fight recklessly!
You are too injured to fight recklessly!
You are too injured to fight recklessly!
You are too injured to fight recklessly!
You hit the jackal. Your bite misses the jackal. The jackal misses you. x2
You puncture the jackal!
You kill the jackal!
The jackal barely misses you.
A rat comes into view.
You block the jackal's attack.
You closely miss the rat. Your bite misses the rat.
The jackal closely misses you. The rat misses you.
The jackal bites you. 😕 HP[-1]
You take 1 damage, and now have 19/23 hp.
You closely miss the rat. You block the jackal's attack. x2
The rat closely misses you. The jackal barely misses you.
You closely miss the rat.
The jackal bites you but does no damage.
The rat bites you but does no damage.
The jackal bites you but does no damage. x2
You hit the rat.
You kill the rat!
The jackal bites you but does no damage.
The jackal misses you.
You have reached level 2! 😕 HP[+6] MP[+1]
You now have 29 max hp (+6).
You regained 6 hp, and now have 25/29 hp.
Your mp is fully restored (2).
You miss the jackal. The jackal misses you. The jackal bites you.
The jackal misses you. The jackal closely misses you. 😕 HP[-2]
You take 2 damage, and now have 23/29 hp.
You puncture the jackal!
You kill the jackal!
You block the jackal's attack.
You closely miss the rat.
The jackal bites you but does no damage.
You block the rat's attack. The jackal barely misses you.
You hit the rat but do no damage. Your bite misses the rat. The rat misses you.
The jackal closely misses you.
You hit the rat.
You kill the rat!
The jackal barely misses you. x2
You closely miss the jackal. Your bite misses the jackal.
The jackal bites you. 😕 HP[-1]
You take 1 damage, and now have 22/29 hp.
You completely miss the jackal.
The jackal bites you but does no damage.
You closely miss the jackal. You bite the jackal, but do no damage.
The jackal barely misses you.
The jackal bites you but does no damage.
You puncture the jackal!
You kill the jackal!
Things that are here:
a rat corpse; a jackal corpse; 😎 HP[+7]
Your hp is fully restored (29).
g - a smoky inky potion A kobold comes into view.
It is wielding a +0 whip.
A kobold is nearby!
The kobold hits you with a +0 whip. 😕 HP[-4]
You take 4 damage, and now have 25/29 hp.
You hit the kobold but do no damage. Your bite misses the kobold.
The kobold misses you.
You puncture the kobold!
You kill the kobold!
h - 4 stones {throwing}
Things that are here:
a +0 whip {mace}; a kobold corpse
i - a scroll labelled POKKIA NARYT 😎 HP[+4]
Your hp is fully restored (29).
An endoplasm comes into view.
The endoplasm quivers.
An endoplasm is nearby!
You block the endoplasm's attack.
You barely miss the endoplasm. You block the endoplasm's attack.
You puncture the endoplasm!
You kill the endoplasm!
No target in view!
No target in view!
No target in view!
No target in view!
No target in view!
No target in view!
No target in view!
No target in view!
No target in view!
No target in view!
No target in view!
No target in view!
A hobgoblin comes into view.
The hobgoblin shouts!
A hobgoblin is nearby!
A hobgoblin is nearby!
Are you sure you want to abandon this character and quit the game? (Confirm with "yes".)

Action                   || total
-------------------------++-------
Melee: Rapier            ||    30
       Bite              ||     1
Armor: Scale mail        ||    15
Dodge: Dodged            ||    21
Block: Buckler           ||    10

Levels and vault maps discovered:
D:1:      wander_arrival_peaceful_grave, layout_basic

Notes
Turn   | Place    | Note
-------+----------+-------------------------------------------
     0 | D:1      | spaghetti the Gnoll Fighter began the quest for the Orb.
     0 | D:1      | Reached XP level 1. HP: 23/23 MP: 1/1
     0 | D:1      | magus.rc [v1.9.6]
   157 | D:1      | Reached XP level 2. HP: 25/29 MP: 2/2
   318 | D:1      | Quit the game

Vanquished Creatures
  A ball python (D:1)
  An endoplasm (D:1)
  A hobgoblin (D:1)
  3 jackals (D:1)
  2 kobolds (D:1)
  A bat (D:1)
  2 rats (D:1)
11 creatures vanquished.

Table legend:
 A = Non-vault XP
 B = Vault XP
 C = Vault XP percentage of total XP
 D = Non-vault monster count
 E = Vault monster count
 F = Vault count percentage of total count
                 A         B        C        D         E       F
            +---------+---------+-------+---------+---------+-------
      Total |      19 |       0 |   0.0 |      11 |       0 |   0.0
            +---------+---------+-------+---------+---------+-------
        D:1 |      19 |       0 |   0.0 |      11 |       0 |   0.0
            +---------+---------+-------+---------+---------+-------

Illustrated notes

Table legend:
 A = Kills in this place as a percentage of kills in entire the game.
 B = Kills by you in this place as a percentage of kills by you in the entire game.
 C = Kills by friends in this place as a percentage of kills by friends in the entire game.
 D = Other kills in this place as a percentage of other kills in the entire game.
 E = Experience gained in this place as a percentage of experience gained in the entire game.
 F = Experience gained in this place divided by the number of levels of this place that you have seen.
                   A       B       C       D       E      F
               +-------+-------+-------+-------+-------+----------------------
         Total | 100.0 | 100.0 |   N/A |   N/A | 100.0 |  19.0
       Dungeon | 100.0 | 100.0 |   N/A |   N/A | 100.0 |  19.0
               +-------+-------+-------+-------+-------+----------------------

Table legend: (Time is in decaauts)
 A = Elapsed time spent in this place.
 B = Non-inter-level travel time spent in this place.
 C = Inter-level travel time spent in this place.
 D = Time resting spent in this place.
 E = Time spent auto-exploring this place.
 F = Levels seen in this place.
 G = Mean time per level.
                   A        B        C        D        E       F      G
               +--------+--------+--------+--------+--------+-----+--------+
         Total |    317 |    317 |      0 |      0 |    253 |   1 |  317.0 |
       Dungeon |    317 |    317 |      0 |      0 |    253 |   1 |  317.0 |
               +--------+--------+--------+--------+--------+-----+--------+

Top non-repeatable levels by time:
     D:1: 317 daAuts
